 Dungeon Crawl Stone Soup version 0.31-a0-750-gfe7b580527 (webtiles) character file.

Game seed: 11151896722492732364

3918 Aneyh the Cleaver (level 10, -4/57 HPs)
             Began as a Tengu Monk on Sept 14, 2023.
             Was a Priest of Hepliaklqana.
             Slain by a manticore (14 damage)
             ... on level 8 of the Dungeon.
             The game lasted 00:09:39 (6287 turns).

Aneyh the Cleaver (Tengu Monk)                      Turns: 6287, Time: 00:09:39

Health: -4/57      AC:  5    Str: 15    XL:     10   Next: 20%
Magic:  11/11      EV: 18    Int: 11    God:    Hepliaklqana [***...]
Gold:   452        SH:  0    Dex: 23    Spells: 9/9 levels left

rFire   . . .        a - +4 war axe (flame)
rCold   x . .        (no shield)
rNeg    . . .        F - +0 steam dragon scales
rPois   +            (helmet restricted)
rElec   .            (no cloak)
rCorr   .            (no gloves)
SInv    .            (boots unavailable)
Will    .....        i - amulet of regeneration
Stlth   ++           n - +6 ring of dexterity
HPRegen 1.89/turn    m - ring of poison resistance
MPRegen 0.12/turn

%: acrobat
@: mighty, brilliant, attractive, flying
A: reduced essence, beak, talons 3, evasive flight, acrobatic, poison
resistance, regeneration 1, cold vulnerability 1
a: Renounce Religion, Recall Ancestor, Ancestor Identity, Transference


You were on level 8 of the Dungeon.
You worshipped Hepliaklqana.
Hepliaklqana was most pleased with you.
You visited 2 branches of the dungeon, and saw 9 of its levels.
You also visited: Sewer.

You collected 452 gold pieces.

Inventory:

Hand Weapons
 a - a +4 war axe of flaming (weapon)
 b - a +2 trident of draining
 g - a +0 war axe
 B - a +0 spear
 D - a +0 spear of venom
 E - a +0 great sword
 O - a +0 halberd
Missiles
 e - 6 throwing nets
 x - 27 poisoned darts
 C - 2 boomerangs
Armour
 d - an orb of light
 F - +0 steam dragon scales (worn)
 N - a +0 robe
Jewellery
 i - an amulet of regeneration (around neck)
 l - a ring of protection from fire
 m - a ring of poison resistance (right hand)
 n - a +6 ring of dexterity (left hand)
 q - a ring of positive energy
 t - an amulet of faith
 M - a ring of ice
Wands
 u - a wand of iceblast (8)
 y - a wand of charming (8)
 J - a wand of flame (8)
Scrolls
 h - 4 scrolls of teleportation {unknown}
 j - 5 scrolls of poison
 p - 2 scrolls of identify
 r - a scroll of amnesia
 s - 2 scrolls of enchant weapon
 G - a scroll of butterflies {unknown}
 H - a scroll of revelation {unknown}
Potions
 o - a potion of enlightenment {unknown}
 v - a potion of degeneration {unknown}
 w - 2 potions of magic
 A - 2 potions of lignification {unknown}
 I - a potion of curing


   Skills:
 + Level 8.0 Fighting
 + Level 13.3(13.5) Axes
 - Level 3.3(9.2) Polearms
 - Level 3.2 Dodging


You had 9 spell levels left.
You didn't know any spells.
Your spell library contained the following spells:

 Spells                   Type           Power      Damage    Failure   Level
 Scorch                   Fire           0%         2d5       47%         2
 Flame Wave               Conj/Fire      0%         2d4       98%         4
 Summon Cactus Giant      Summ           0%         N/A       100%        6


Dungeon Overview and Level Annotations

Branches:
Dungeon (8/15)             Temple (1/1) D:4           Sewer (visited)
   Lair: D:8-11

Altars:
Ashenzari
Cheibriados
Dithmenos
Elyvilon
Fedhas
Gozag
Hepliaklqana
Kikubaaqudgha
Makhleb
Nemelex Xobeh
Okawaru
Qazlal
Sif Muna
Vehumet
Wu Jian
Xom
Yredelemnul
The Shining One

Shops:
D:6 !


Innate Abilities, Weirdness & Mutations

Your life essence is reduced to manifest your ancestor. (-10% HP)
You have a beak for a mouth.
You have claws for feet.
Your magical flight helps you evade attacks. (EV +4)
You can magically evade attacks while moving or waiting.
Your system is resistant to poisons. (rPois)
Your natural rate of healing is unusually fast.
You are vulnerable to cold. (rC-)


Message History

Pain shoots through your body!
* * * LOW HITPOINT WARNING * * *
It was a potion of brilliance.
You feel clever all of a sudden.
As you read the scroll of fear, it crumbles to dust.
You assume a fearsome visage.
The manticore looks frightened!
The troll looks frightened!
The shadow imp looks frightened!
The shadow imp barely misses Quintus.
Quintus hits the shadow imp with a +0 flail!
Quintus's attack snaps the shadow imp out of its fear.
Quintus blocks the shadow imp's attack.
Quintus barely misses the shadow imp.
The shadow imp hits Quintus.
The shadow imp hits Quintus but does no damage.
Cornered, the manticore turns to fight!
Quintus hits the shadow imp with a +0 flail!
The shadow imp dies!
The manticore flicks its tail.
The volley of spikes misses you.
Okay, then.
The manticore flicks its tail.
The volley of spikes hits you!
The barbed spikes become lodged in your body.
* * * LOW HITPOINT WARNING * * *
As you read the scroll of fear, it crumbles to dust.
You assume a fearsome visage.
The manticore looks frightened!
As you read the scroll of identify, it crumbles to dust.
w - 2 potions of magic Cornered, the manticore turns to fight!
It was a potion of might.
You feel very mighty all of a sudden.
It was a potion of attraction.
You feel attractive to monsters.
The manticore flicks its tail.
The volley of spikes misses you. The manticore is attracted toward you.
It was a potion of mutation.
You feel extremely strange.
You feel vulnerable to cold.
You feel resistant to poisons.
You begin to heal more quickly.
You carefully extract the barbed spikes from your body.
The manticore bites you!
You die...

.#..# ###.#######
...###.... ....#.#.#.##
...##..#.# #.....<..#
...#...#.# ###.#.#)##
...#.#.#.### #.......#
...........# ##.#.#.##
..#..T.....# #.......#
..#........# ##.#.#.##
...........####.@..#.#
.......R......#.H....#
.............R...ยง.###
...###.#####.......#
...#.........#######
...#.........##...##
...#......).##.....##
#..#........#.......#
#.##........#..._...#


You could see the friendly Quintus the knight and a manticore.

Vanquished Creatures
  Joseph (D:7)
  Jeremiah (D:7)
  A wyvern (D:8)
  An acid dragon (D:8)
  A water moccasin (D:4)
  Pargi (Sewer)
  2 sky beasts (D:7)
  2 black bears
  3 ogres
  2 kobold brigands
  2 bullfrogs (D:8)
  A gnoll sergeant (D:5)
  3 wights (D:6)
  A killer bee (D:8)
  2 electric eels (D:7)
  2 gnoll boudas (D:7)
  5 orc priests
  5 hounds
  A sleepcap (D:6)
  3 iguanas
  Natasha (twice) (D:2)
  4 orc wizards
  13 gnolls
  6 adders
  A white imp (D:6)
  6 worms
  A dart slug (D:4)
  20 orcs
  5 bats
  7 endoplasms
  3 giant cockroaches
  6 hobgoblins
  4 jackals (Sewer)
  3 quokkas
  11 ball pythons
  2 frilled lizards
  9 goblins
  13 kobolds
  6 rats
162 creatures vanquished.

Vanquished Creatures (collateral kills)
  A steam dragon (D:6)
  An ogre (D:5)
  A bullfrog (D:8)
  2 scorpions
  A killer bee (D:8)
  A sleepcap (D:6)
  3 iguanas
  2 orc wizards
  9 gnolls
  An adder (D:6)
  A shadow imp (D:8)
  A white imp (D:5)
  5 kobolds
29 creatures vanquished.

Grand Total: 191 creatures vanquished

Notes
Turn   | Place    | Note
-------+----------+-------------------------------------------
     0 | D:1      | Aneyh the Tengu Monk began the quest for the Orb.
     0 | D:1      | Reached XP level 1. HP: 14/14 MP: 2/2
   408 | D:1      | Reached XP level 2. HP: 19/19 MP: 3/3
   919 | D:2      | Reached skill level 1 in Axes
   962 | D:2      | Reached XP level 3. HP: 24/24 MP: 4/4
  1052 | D:2      | Noticed Natasha
  1060 | D:2      | Killed Natasha
  1061 | D:2      | Reached skill level 2 in Axes
  1298 | D:2      | Reached XP level 4. HP: 29/29 MP: 5/5
  1321 | D:2      | Noticed Natasha
  1329 | D:2      | Killed Natasha
  1330 | D:2      | Reached skill level 3 in Axes
  1567 | D:3      | Reached XP level 5. HP: 33/33 MP: 6/6
  1578 | D:3      | Found a blossoming altar of Fedhas.
  1818 | D:3      | Reached skill level 4 in Axes
  1822 | D:3      | Found a glowing drain.
  1832 | Sewer    | Entered a sewer
  1902 | Sewer    | Noticed Pargi
  1917 | Sewer    | Killed Pargi
  1918 | Sewer    | Reached skill level 5 in Axes
  1918 | Sewer    | Reached XP level 6. HP: 7/39 MP: 7/7
  2221 | D:3      | Found an iron altar of Okawaru.
  2559 | D:4      | Noticed a water moccasin
  2570 | D:4      | Killed a water moccasin
  2625 | D:4      | Reached skill level 6 in Axes
  2648 | D:4      | Noticed a black bear
  2657 | D:4      | Killed a black bear
  2658 | D:4      | Reached skill level 5 in Fighting
  2658 | D:4      | Gained mutation: Your magical flight helps you evade
                  | attacks. (EV +4) [Tengu growth]
  2658 | D:4      | Reached XP level 7. HP: 38/44 MP: 8/8
  2677 | D:4      | Found a staircase to the Ecumenical Temple.
  2710 | Temple   | Entered the Ecumenical Temple
  2717 | Temple   | Became a worshipper of Hepliaklqana the Forgotten
  2717 | Temple   | Reached * piety under Hepliaklqana
  2717 | Temple   | Reached ** piety under Hepliaklqana
  2718 | Temple   | Remembered your ancestor Quintus as a knight
  2843 | D:4      | Reached skill level 7 in Axes
  3533 | D:5      | Entered Level 5 of the Dungeon
  3621 | D:5      | Reached skill level 8 in Axes
  3621 | D:5      | Reached XP level 8. HP: 20/45 MP: 9/9
  4222 | D:5      | Reached skill level 9 in Axes
  4415 | D:5      | Found a shadowy altar of Dithmenos.
  4497 | D:6      | Reached skill level 10 in Axes
  4504 | D:6      | Reached XP level 9. HP: 50/50 MP: 10/10
  4522 | D:6      | Found a radiant altar of Vehumet.
  4850 | D:6      | Found Jipruept's Distillery.
  5129 | D:6      | Reached skill level 11 in Axes
  5163 | D:7      | Reached *** piety under Hepliaklqana
  5163 | D:7      | Noticed Jeremiah
  5261 | D:7      | Killed Jeremiah
  5520 | D:7      | Noticed Joseph
  5534 | D:7      | Killed Joseph
  5535 | D:7      | Reached skill level 12 in Axes
  5743 | D:7      | Found an opulent altar of Gozag.
  5982 | D:7      | Found a shimmering blue altar of Sif Muna.
  5982 | D:7      | Found a shimmering altar of Xom.
  5982 | D:7      | Found an ornate altar of the Wu Jian Council.
  5982 | D:7      | Found a snail-covered altar of Cheibriados.
  6040 | D:7      | Found a broken altar of Ashenzari.
  6040 | D:7      | Found an ancient bone altar of Kikubaaqudgha.
  6169 | D:8      | Reached XP level 10. HP: 57/57 MP: 11/11
  6177 | D:8      | Found a glowing golden altar of the Shining One.
  6234 | D:8      | Reached skill level 13 in Axes
  6274 | D:8      | Noticed a manticore
  6287 | D:8      | Gained mutation: You are vulnerable to cold. (rC-) [potion
                  | of mutation]
  6287 | D:8      | Gained mutation: Your system is resistant to poisons.
                  | (rPois) [potion of mutation]
  6287 | D:8      | Gained mutation: Your natural rate of healing is unusually
                  | fast. [potion of mutation]
  6287 | D:8      | Slain by a manticore

Illustrated notes

Levels and vault maps discovered:
D:1:      beargit_arrival_diablo_church, layout_basic
D:2:      layout_basic, uniq_natasha
D:3:      layout_loops_ring, mainiacjoe_overflow_cross_hatched,
          lemuel_doored_altar, cheibrodos_sewer_entry_bend
D:4:      nicolae_cairo_tiling_large, layout_loops_ring, temple_statues
D:5:      layout_loops_corners, mainiacjoe_overflow_alcove_4
D:6:      layout_rooms, mainiacjoe_overflow_chevrons, serial_shops, shop
D:7:      layout_basic, nicolae_gozag_seed_capital, minmay_overflow_temple_hex,
          roderic_lattice_a, minmay_tree_intersection,
          chequers_hall_statues_wall_a, minivault_4, uniq_joseph, uniq_jeremiah
D:8:      minmay_blocky_corners, layout_rooms,
          mainiacjoe_overflow_six_doors_small, lemuel_round_altar,
          chequers_serial_rivers_small_b, minmay_misc_feat_more_columns,
          st_stairs_8
Temple:   hellmonk_temple_micro_hex

Skill      XL: |  1  2  3  4  5  6  7  8  9 10 |
---------------+-------------------------------+-----
Axes           | 1 2 3 5 6 8 10 12 13 | 13.3
Fighting       | 4 5 6 7 8 |  8.0
Polearms       | |  3.3
Dodging        | |  3.2

Action                     |  1- 3 |  4- 6 |  7- 9 | 10-12 || total
---------------------------+-------+-------+-------+-------++-------
  Melee: War axe           |    60 |    96 |   189 |    30 ||   375
         Kick              |     9 |    32 |    68 |    10 ||   119
         Spear             |     1 |       |       |       ||     1
         Peck              |     9 |    18 |    36 |     6 ||    69
         Punch             |       |     1 |     2 |       ||     3
         Trident           |       |       |     3 |       ||     3
 Invoke: Ancestor Life: Kn |       |       |     1 |       ||     1
         Recall Ancestor   |       |       |       |     1 ||     1
    Use: Scroll            |       |     2 |     6 |     3 ||    11
         Potion            |       |       |       |     6 ||     6
   Stab: Sleeping          |     4 |     4 |     5 |       ||    13
         Distracted        |       |       |     3 |       ||     3
 Armour: Robe              |    21 |    60 |    29 |       ||   110
         Steam dragon scal |       |       |    23 |    22 ||    45
  Dodge: Dodged            |    51 |   112 |   176 |    36 ||   375

Table legend: (Time is in decaauts)
 A = Elapsed time spent in this place.
 B = Non-inter-level travel time spent in this place.
 C = Inter-level travel time spent in this place.
 D = Time resting spent in this place.
 E = Time spent auto-exploring this place.
 F = Levels seen in this place.
 G = Mean time per level.
                   A        B        C        D        E       F      G
               +--------+--------+--------+--------+--------+-----+--------+
         Total |   6343 |   6143 |    200 |    794 |   4034 |  10 |  634.3 |
       Dungeon |   6152 |   5952 |    200 |    764 |   3947 |   8 |  769.0 |
        Temple |     14 |     14 |      0 |      0 |      0 |   1 |   14.0 |
         Sewer |    176 |    176 |      0 |     30 |     87 |   1 |  176.0 |
               +--------+--------+--------+--------+--------+-----+--------+

Top non-repeatable levels by time:
     D:4: 1052 daAuts
     D:5: 921 daAuts
     D:7: 918 daAuts
     D:1: 886 daAuts
     D:3: 789 daAuts
     D:6: 756 daAuts
     D:2: 690 daAuts
   Sewer: 176 daAuts
     D:8: 137 daAuts
  Temple: 14 daAuts
